[Event "ETCC Open 2023"]
[Site "Budva"]
[Date "2023.11.11"]
[Round "1.55"]
[White "Livaic, Leon"]
[Black "Ashiku, Franc"]
[Result "1/2-1/2"]
[ECO "D00"]
[WhiteElo "2553"]
[BlackElo "2396"]
[Annotator "RC"]
[PlyCount "142"]
[EventDate "2023.11.10"]
[EventType "team-tourn"]
[EventCountry "MNE"]
[SourceTitle "playchess.com"]
[Source "ChessBase"]
[SourceQuality "1"]
[WhiteTeam "Croatia"]
[BlackTeam "Albania"]
[WhiteTeamCountry "CRO"]
[BlackTeamCountry "ALB"]
[TimeControl "40/5400+30:1800+30"]

1. d4 d5 2. Bf4 e6 3. e3 c5 4. Nc3 a6 5. Nf3 c4 6. e4 Bb4 7. e5 Ne7 8. Bd2 Bd7 9. Ne2 Bxd2+ 10. Qxd2 Nbc6 11. Ng3 O-O 12. Be2 f6 13. exf6 gxf6 14. O-O Nc8 15. c3 Nd6 16. Bd1 Qe7 17. Bc2 Rad8 18. Rfe1 Qf7 19. Re2 Kh8 20. Rae1 Bc8 21. Kh1 b5 22. Qh6 Qg7 23. Qxg7+ Kxg7 24. Nh5+ Kh6 25. Nf4 e5 26. dxe5 fxe5 27. Nxd5 e4 28. Nd2 Bf5 29. Ne3 Bg6 30. f3 Ne5 31. Bxe4 Nxe4 32. Nxe4 Bxe4 33. fxe4 Nd3 34. Rb1 Kg5 35. Nf5 Rde8 36. Nd4 Rf2 37. Rxf2 Nxf2+ 38. Kg1 Nd3 39. e5 Kf4 40. e6 Ke3 41. Rf1 Kd2 42. Rf7 Nxb2 43. e7 b4 44. cxb4 c3 45. Rxh7 Nd3 46. g4 Nxb4 47. g5 Nxa2 48. Rh6 Rxe7 49. Rxa6 Nc1 50. Kg2 Kd3 51. Rd6 Kc4 52. g6 Nd3 53. Kg3 Re3+ 54. Kg4 Re4+ 55. Kf5 Rf4+ 56. Kg5 Rxd4 57. Rxd4+ Kxd4 58. g7 c2 59. g8=Q c1=Q+ 60. Kf6 Qf4+ 61. Kg7 Qxh2 62. Qd8+ Ke4 63. Qa8+ Kf4 64. Qa4+ Ke3 65. Qa7+ Ke4 66. Qa8+ Kf4 67. Qa4+ Kg5 68. Qa5+ Ne5 69. Qd8+ Kf4 70. Qf8+ Ke4 71. Qa8+ Kf4 1/2-1/2

[Event "ETCC Open 2023"]
[Site "Budva"]
[Date "2023.11.11"]
[Round "1.56"]
[White "Veleshnja, Zino"]
[Black "Bosiocic, Marin"]
[Result "1-0"]
[ECO "E20"]
[WhiteElo "2269"]
[BlackElo "2537"]
[Annotator "RC"]
[PlyCount "93"]
[EventDate "2023.11.10"]
[EventType "team-tourn"]
[EventCountry "MNE"]
[SourceTitle "playchess.com"]
[Source "ChessBase"]
[SourceQuality "1"]
[WhiteTeam "Albania"]
[BlackTeam "Croatia"]
[WhiteTeamCountry "ALB"]
[BlackTeamCountry "CRO"]
[TimeControl "40/5400+30:1800+30"]

1. d4 Nf6 2. c4 e6 3. Nc3 Bb4 4. g3 O-O 5. Bg2 d6 6. Nf3 Bxc3+ 7. bxc3 Qe7 8. O-O e5 9. Bg5 Nbd7 10. Nh4 e4 11. f3 Qe6 12. Bxf6 Nxf6 13. fxe4 Nxe4 14. Qd3 Re8 15. Nf5 c6 16. Bxe4 Qxe4 17. Qxe4 Rxe4 18. Nxd6 Rxe2 19. Rae1 Rxe1 20. Rxe1 Be6 21. Nxb7 Bxc4 22. Na5 Bd5 23. c4 Be6 24. Nxc6 Bxc4 25. d5 Bxa2 26. d6 Be6 27. Rxe6 fxe6 28. d7 Kf7 29. d8=Q Rxd8 30. Nxd8+ Kf6 31. Nc6 a6 32. Kf2 h5 33. h3 Kf5 34. Ke3 e5 35. Na5 Ke6 36. Ke4 Kd6 37. Nb3 Kc6 38. Kxe5 Kb5 39. Kd4 Kb4 40. Nc5 a5 41. g4 hxg4 42. hxg4 g5 43. Kd5 Kc3 44. Ne4+ Kb4 45. Kd4 a4 46. Kd3 Kb3 47. Nc5+ 1-0

[Event "ETCC Open 2023"]
[Site "Budva"]
[Date "2023.11.11"]
[Round "1.57"]
[White "Tomic, Aleksandar"]
[Black "Rodshtein, Maxim"]
[Result "0-1"]
[ECO "D28"]
[WhiteElo "2411"]
[BlackElo "2582"]
[Annotator "TA"]
[PlyCount "138"]
[EventDate "2023.11.10"]
[EventType "team-tourn"]
[EventCountry "MNE"]
[SourceTitle "playchess.com"]
[Source "ChessBase"]
[SourceQuality "1"]
[WhiteTeam "Montenegro"]
[BlackTeam "Israel"]
[WhiteTeamCountry "MNE"]
[BlackTeamCountry "ISR"]
[TimeControl "40/5400+30:1800+30"]

1. d4 Nf6 2. Nf3 e6 3. e3 d5 4. Bd3 b6 5. O-O Bb7 6. c4 dxc4 7. Bxc4 a6 8. Qe2 c5 9. Rd1 Qc7 10. Nc3 b5 11. Bb3 Nc6 (11... Nbd7 $11) 12. d5 $14 {[%emt 0:09:44] D28: Queen's Gambit Accepted: Classical main line: 7 Qe2 with early ...Nc6.} exd5 13. e4 $1 (13. Bxd5 b4 14. Na4 Nxd5 15. Rxd5 Nd8 $15) 13... d4 14. e5 (14. Nd5 $14 Qd8 15. Bf4) 14... O-O-O $1 $11 {[%emt 0:00:13] ...Re8 would be deadly.} 15. exf6 dxc3 16. Rxd8+ Nxd8 17. bxc3 gxf6 18. a4 {[%emt 0:03:42] [#]} Qc6 $146 ({Predecessor:} 18... Bc6 19. axb5 axb5 20. Bc2 Bd6 21. Bf5+ Kb8 22. Be3 Ne6 23. Bh6 Bf4 24. Be4 Bxh6 25. Qxb5+ Bb7 {0-1 Szapiel,H-Makarczyk,K POL-ch10 Katowice 1952 (11)}) 19. axb5 axb5 20. Bc2 Ne6 21. Bf5 (21. Nh4 $11) 21... Bd6 $15 22. Ra5 Qd5 23. Bh3 (23. Qd3 $17) 23... Rg8 24. Kf1 Bc6 25. Ra7 Bc7 (25... Kb8 $142 26. Rxf7 Re8) 26. Be3 (26. Bf4 $17 f5 27. Bxc7 Nxc7 28. c4 (28. Ne5 $2 Re8 $19) 28... bxc4 29. Qe5 Qxe5 30. Nxe5) 26... Kb8 27. Ra1 Rd8 28. Ne1 Ng5 (28... Bxh2 29. Bg4 $17) (28... Nf4 $19 29. c4 Qe5 30. Bxf4 Qxf4) 29. Bg4 $17 Ne4 (29... Bxh2 30. Bxg5 fxg5 31. Qe7 $14) 30. Bf3 f5 (30... Bxh2 $6 31. g3 $11) 31. Qb2 $2 (31. Bxe4 $17 fxe4 32. Rb1) 31... Qc4+ (31... Bxh2 32. g3 $16) (31... f4 $19 {is more deadly.} 32. Bc1 Qc4+ 33. Be2 Qxc3) 32. Be2 Qxc3 33. Qa2 (33. Qxc3 $142 Nxc3 34. Bxc5) 33... Nd2+ $19 ({Inferior is} 33... Bxh2 34. Qa7+ Kc8 35. Rc1 Ng3+ 36. fxg3 Qxe3 37. Qxc5 Qxc5 38. Rxc5 $17) 34. Kg1 $2 (34. Bxd2 Rxd2 35. Qa7+ Kc8 36. Nf3) 34... Nb3 $2 (34... Qe5 $19 {[%csl Gc7][%cal Re5h2] has better winning chances.} 35. Qa7+ Kc8 36. Qa6+ Bb7) 35. Qa7+ $2 (35. Rb1 $17 {nothing else works.} Nd2 36. Bxd2 Rxd2 37. Qa6) 35... Kc8 36. Rb1 Nd4 $2 ({Black should play} 36... Qe5 $1 $19 37. Qa6+ Bb7) 37. Bxd4 $11 Rxd4 38. Qa6+ Bb7 39. Qxb5 Rb4 $132 {[%emt 0:00:07][%mdl 2048] Black has counterplay. Really sharp! Active counter play!} 40. Qe8+ Bd8 {[%emt 0:00:01] A strong pair of Bishops.} 41. Bd3 (41. Rd1 $5 Rd4 $8 42. Rb1 $11) 41... Rxb1 42. Bxf5+ Kc7 43. Bxb1 Bd5 44. Qe3 {[%emt 0:04:48] Against Be6} ({Avoid the trap} 44. Bf5 $2 Be6 45. Nc2 Bxf5 $19) (44. Bxh7 $11 {remains equal.} Be6 45. Nc2) 44... Qxe3 $17 45. fxe3 {[%emt 0:00:01][%mdl 4096] Endgame [#] KBB-KBN} h6 46. Kf2 Kd6 47. Nf3 c4 48. g4 Kc5 49. h4 c3 50. g5 hxg5 51. hxg5 Kb4 52. g6 $1 fxg6 53. Bxg6 Kb3 54. Nd4+ {[%emt 0:00:42] [#]} (54. Ke2 $17 {is a better defense.}) 54... Kb2 $1 $19 55. Nb5 $2 (55. Bf5) 55... Bh4+ 56. Kg1 c2 57. Bxc2 Kxc2 58. Nd4+ {[%emt 0:00:49] Black mates.} Kd3 59. Nf5 Bg5 60. Kf1 Ke4 ({Stronger than} 60... Bxe3 61. Nxe3 Kxe3 $11) 61. Nd4 Bxe3 62. Nc2 Bc4+ 63. Ke1 Bg5 64. Nb4 Be7 65. Nc6 Bd6 66. Kd1 Kd3 67. Kc1 Kc3 68. Kd1 Bd5 69. Na7 Kc4 {[%emt 0:00:21] Weighted Error Value: White=0.53/Black=0.30} 0-1

[Event "ETCC Open 2023"]
[Site "Budva"]
[Date "2023.11.11"]
[Round "1.58"]
[White "Kobo, Ori"]
[Black "Sukovic, Andrej"]
[Result "1-0"]
[ECO "C02"]
[WhiteElo "2556"]
[BlackElo "2382"]
[Annotator "RC"]
[PlyCount "81"]
[EventDate "2023.11.10"]
[EventType "team-tourn"]
[EventCountry "MNE"]
[SourceTitle "playchess.com"]
[Source "ChessBase"]
[SourceQuality "1"]
[WhiteTeam "Israel"]
[BlackTeam "Montenegro"]
[WhiteTeamCountry "ISR"]
[BlackTeamCountry "MNE"]
[TimeControl "40/5400+30:1800+30"]

1. e4 e6 2. d4 d5 3. e5 c5 4. c3 Nc6 5. Nf3 Bd7 6. Be2 Nge7 7. O-O cxd4 8. cxd4 Nf5 9. Nc3 a6 10. Kh1 Be7 11. Bd3 Nh4 12. Nxh4 Bxh4 13. Be3 h5 14. Rc1 Be7 15. a3 Rc8 16. b4 b5 17. Nb1 a5 18. Bxb5 Nxe5 19. Rxc8 Qxc8 20. Bxd7+ Nxd7 21. bxa5 Qa6 22. Bd2 O-O 23. Kg1 Nf6 24. Qb3 Ra8 25. Bb4 Bd8 26. Nd2 Bxa5 27. Nf3 Ne4 28. h3 Bb6 29. Rc1 Qa7 30. Rd1 Rc8 31. Be1 Rc4 32. Ne5 Rxd4 33. Rb1 Qc7 34. Nf3 Bc5 35. Nxd4 Bxd4 36. Qb8+ Qxb8 37. Rxb8+ Kh7 38. a4 Nc5 39. a5 Nd3 40. Rb1 Nc5 41. Bd2 1-0

[Event "ETCC Open 2023"]
[Site "Budva"]
[Date "2023.11.11"]
[Round "1.59"]
[White "Pecurica, Milos"]
[Black "Nabaty, Tamir"]
[Result "0-1"]
[ECO "D26"]
[WhiteElo "2342"]
[BlackElo "2632"]
[Annotator "TA"]
[PlyCount "84"]
[EventDate "2023.11.10"]
[EventType "team-tourn"]
[EventCountry "MNE"]
[SourceTitle "playchess.com"]
[Source "ChessBase"]
[SourceQuality "1"]
[WhiteTeam "Montenegro"]
[BlackTeam "Israel"]
[WhiteTeamCountry "MNE"]
[BlackTeamCountry "ISR"]
[TimeControl "40/5400+30:1800+30"]

1. d4 d5 2. c4 dxc4 3. e3 e6 4. Bxc4 a6 5. Nf3 b5 6. Bd3 Bb7 7. a4 b4 8. O-O Nf6 9. Nbd2 {[%emt 0:01:31] D26: Queen's Gambit Accepted: 4 e3 e6 5 Bxc5 c5 sidelines.} c5 10. e4 cxd4 11. e5 {[%emt 0:00:08] The position is equal.} Nfd7 12. Nc4 Be7 $5 {[%emt 0:07:04][%mdl 4] [#] Wards off Bg5 A promising side line.} (12... Nc5 {keeps more tension.} 13. Bg5 Bxf3 14. Qxf3 Qd5) 13. Bg5 $146 ({Predecessor:} 13. Nxd4 Nc5 14. Be2 Nc6 15. Nxc6 Bxc6 16. Bf3 Qxd1 17. Bxc6+ Qd7 18. Bxd7+ Nxd7 19. Be3 {½-½ Saulin,D (2378)-Antonov,A (2112) Moscow-chT 2016 (9.2)}) 13... O-O $1 $11 (13... Bxg5 $2 14. Nd6+ (14. Nxd4 $2 {too greedy.} Be7 $19) 14... Kf8 15. Nxb7 $18) (13... Nxe5 $2 14. Bxe7 Nxf3+ 15. Qxf3 Qxe7 16. Qxb7 Qxb7 17. Nd6+ Ke7 18. Nxb7 $18) 14. Bxe7 Qxe7 15. Rc1 Nc6 16. Be4 Nc5 17. Bxc6 Bxc6 18. Nd6 $2 ({White has to play} 18. Nxd4 $11 Bxa4 19. b3) 18... Bxa4 $17 19. b3 (19. Qe2 $17 Nb7 20. Qc4) 19... Nxb3 $19 20. Rb1 Nc5 (20... a5 $19 {has better winning chances. Strongly threatening ...Nc5.} 21. Rxb3 f6) 21. Qxd4 $17 Nd7 22. Qxb4 Bc6 23. Nd4 {[%emt 0:01:09] [#]} Bd5 ({Worse is} 23... Nxe5 24. f4 $11) 24. f4 {[%emt 0:00:11] [#]} f6 $1 25. exf6 Rxf6 (25... Nxf6 $19 {...Ng4 would be deadly.} 26. Rfe1 Nd7) 26. Ne4 $1 $15 {[%emt 0:00:33][%mdl 64] Discovered Attack} Rf7 27. Qxe7 Rxe7 28. Nc3 Nf6 29. Rfe1 (29. Ra1 $15) 29... Rc7 $17 30. Nxd5 exd5 31. Ne6 Rca7 (31... Re7 $17 32. Nc5 Kf7 33. Rxe7+ Kxe7) 32. Re3 a5 33. Ra3 a4 34. Nc5 Ra5 35. Nb7 {[%emt 0:00:21] This costs White the game.} (35. Nd3 $17) 35... Rb8 $19 {[%emt 0:00:29] Hoping for ...Ra7.} 36. Nxa5 Rxb1+ {[%emt 0:00:02][%mdl 4096] Endgame KRN-KRN} 37. Kf2 Rb4 38. g3 Ng4+ 39. Ke2 (39. Kg2 {was worth a try.}) 39... Nxh2 40. Nc6 Re4+ 41. Kd2 Nf1+ 42. Kd1 Ne3+ {[%emt 0:00:36] Weighted Error Value: White=0.33/Black=0.15 (very precise)} 0-1

[Event "ETCC Open 2023"]
[Site "Budva"]
[Date "2023.11.11"]
[Round "1.60"]
[White "Postny, Evgeny"]
[Black "Djurovic, Peko"]
[Result "1-0"]
[ECO "E05"]
[WhiteElo "2577"]
[BlackElo "2344"]
[Annotator "TA"]
[PlyCount "95"]
[EventDate "2023.11.10"]
[EventType "team-tourn"]
[EventCountry "MNE"]
[SourceTitle "playchess.com"]
[Source "ChessBase"]
[SourceQuality "1"]
[WhiteTeam "Israel"]
[BlackTeam "Montenegro"]
[WhiteTeamCountry "ISR"]
[BlackTeamCountry "MNE"]
[TimeControl "40/5400+30:1800+30"]

1. d4 d5 2. c4 e6 3. Nf3 Nf6 4. g3 Be7 5. Bg2 O-O 6. O-O dxc4 7. Qc2 a6 8. a4 Bd7 9. Qxc4 Bc6 10. Bf4 a5 11. Nc3 Na6 12. Rad1 {[%emt 0:02:27] E05: Open Catalan: 5 Nf3 Be7.} Nb4 13. Ne5 Bxg2 14. Kxg2 {[%emt 0:00:05] The position is equal.} Nbd5 15. Bc1 {[%emt 0:07:09] [#]} c6 $146 ({Predecessor:} 15... Nxc3 16. bxc3 Qd5+ 17. f3 Qxc4 18. Nxc4 c6 19. Bd2 b5 20. Ne5 Rfc8 21. Rb1 Rab8 {1-0 Delchev,A (2648)-Rudolf,A (2330) San Sebastian op 32nd 2009 (2)}) 16. Qd3 Nxc3 17. bxc3 Qd5+ 18. f3 c5 (18... Nd7 $1 $11 {keeps the balance.}) 19. Qb1 (19. Ba3 $16) 19... cxd4 $11 20. cxd4 Rfd8 (20... Rfc8 $11 {remains equal.}) 21. e4 $16 Qd6 22. Qxb7 {[%emt 0:07:08] [#] Nc6 is the strong threat. White is more active.} Qb4 (22... Rab8 $142 23. Qc6 Rbc8 24. Qxd6 Bxd6) 23. Qxb4 axb4 24. Nc6 $36 {[%emt 0:05:40][%csl LRd8,LRe7][%mdl 2048] White is really pushing.} Rd7 25. a5 Rc7 26. Nxe7+ Rxe7 27. Bd2 Rxa5 28. Bxb4 Ra2+ 29. Rf2 Rxf2+ 30. Kxf2 {[%emt 0:00:04][%mdl 4096] Endgame KRB-KRN} Rb7 31. Rc1 {[%emt 0:03:10] [#] Threatening mate with Rc8+.} g5 (31... h5 $16 {keeps fighting.}) 32. Rc4 (32. Rc8+ $18 Kg7 33. Bc3) 32... g4 (32... Nd7 $16 {might work better.} 33. Rc8+ Kg7) 33. Ke3 gxf3 34. Kxf3 Ra7 (34... Kg7 $16 {was necessary.} 35. Bc3 Kf8) 35. Bc3 Ra2 $2 (35... Ra8 36. Rc7 Ne8) 36. d5 $18 {[%emt 0:00:47] White is clearly winning.} exd5 (36... Ra3 $142 37. d6 e5) 37. exd5 Ra3 38. d6 {[%emt 0:00:56] Threatens to win with Kg2.} Kg7 39. Kf4 Kg6 40. Bxf6 Kxf6 {[%emt 0:00:03] KR-KR} 41. Rd4 Ra8 42. d7 Rd8 43. Kg4 Kg6 44. Rd6+ f6 45. h4 Kf7 46. Kh5 Kg7 47. Rd1 h6 48. Kg4 {[%emt 0:00:00] Weighted Error Value: White=0.17 (very precise) /Black=0.37} 1-0

[Event "ETCC Open 2023"]
[Site "Budva"]
[Date "2023.11.11"]
[Round "1.61"]
[White "Sanal, Vahap"]
[Black "Kalezic, Blazo"]
[Result "1-0"]
[ECO "D02"]
[WhiteElo "2608"]
[BlackElo "2401"]
[Annotator "TA"]
[PlyCount "151"]
[EventDate "2023.11.10"]
[EventType "team-tourn"]
[EventCountry "MNE"]
[SourceTitle "playchess.com"]
[Source "ChessBase"]
[SourceQuality "1"]
[WhiteTeam "Turkey"]
[BlackTeam "Montenegro"]
[WhiteTeamCountry "TUR"]
[BlackTeamCountry "MNE"]
[TimeControl "40/5400+30:1800+30"]

1. Nf3 d5 2. g3 g6 3. Bg2 Bg7 4. d4 Nf6 5. O-O O-O 6. c3 c6 7. Nbd2 Nbd7 8. Re1 a5 9. a4 c5 {[%emt 0:02:14] [#] D02: 1 d4 d5 2 Nf3 sidelines, including 2...Nf6 3 g3 and 2...Nf6 3 Bf4.} 10. b3 $146 ({Predecessor:} 10. Nb1 b6 11. Na3 Ne4 12. Bf4 Ba6 13. h4 Ndf6 14. Ng5 e6 15. Be5 Nxf2 16. Kxf2 Ng4+ 17. Kg1 Nxe5 18. dxe5 Bxe5 {0-1 Gledura,B (2652)-Sarana,A (2675) Chess.com Rapid Wk9 Swiss 2022 (1)}) 10... b6 11. Bb2 Bb7 {[%emt 0:01:36] The position is equal.} 12. e3 e6 13. Rc1 Qc7 14. Nb1 Rfd8 15. Na3 Rac8 16. Nb5 Qb8 17. Qe2 Ne4 18. c4 dxc4 19. bxc4 cxd4 20. exd4 Nd6 21. Red1 Nxb5 (21... Nf5 {is more complex.} 22. Ba3 Nf8 23. c5 bxc5 24. dxc5 Rxd1+ 25. Rxd1 Bd5) 22. axb5 Qa8 23. Ba3 Nf6 24. c5 Bxf3 (24... Bf8 $14) 25. Bxf3 $18 Nd5 26. cxb6 {[%emt 0:10:36][%cal Oc1c7] Hoping for Rc7!} Rxc1 27. Rxc1 (27. Bxc1 Qb8 28. Bg5 Rd7 $11) 27... Bxd4 28. Bb2 $36 {[%emt 0:11:37][%mdl 2048] White is on the roll.} Bxb2 29. Qxb2 {[%emt 0:02:01] Black must now prevent Rc7.} Qb8 {[%emt 0:00:22][%mdl 8192] Wards off Rc7} (29... a4 $16 {is more resistant.}) 30. Bxd5 Rxd5 {[%emt 0:09:54][%mdl 4096] Endgame KQR-KQR} 31. Rc6 Qd8 (31... Rd1+ $142 32. Kg2 Rd8) 32. Kg2 {[%emt 0:01:10] White threatens b7 and mate.} Qa8 {[%emt 0:12:45] Against b7} (32... Qb8 {is a better defense.} 33. Qf6 (33. Qc3 Rd8 $18) 33... Rd7) 33. Qc3 Rd8 {[%emt 0:02:57] Prevents .} 34. Qf6 Rd7 35. Kh3 (35. h4 $142) 35... Qb8 36. Qc3 Rd8 {[%emt 0:01:00] Inhibits Rc8.} 37. Qe3 $2 (37. Qxa5 $6 Qe5 $16) (37. Qa3 $18) 37... a4 $2 (37... Rd5 $11) 38. Rc7 a3 39. Ra7 $1 (39. Qxa3 Qxb6 40. Qe7 Rf8 $14) 39... Qd6 $2 (39... a2) 40. b7 $2 (40. Rxa3 Rb8 $16) (40. Qxa3 Qxb6 41. Ra8 (41. Qe7 Rf8 $17) 41... Rxa8 42. Qxa8+ Kg7 43. Qa1+ Kf8 $11) (40. Qf3 Rf8 41. b7 (41. Rxa3 Qxb6 42. Rb3 Rc8 $11)) 40... Kg7 (40... Qd5 41. Qxa3 Rb8) 41. Rxa3 {[%emt 0:37:30][%cal Oa3d3] aiming for Rd3!} Rb8 42. Ra7 (42. Rd3 $18 {and the rest is easy.} Qc7 43. b6 (43. Qd4+ Kg8 $14) 43... Qxb7 44. Qe5+ Kg8 45. Qc7 Qxb6 46. Rd8+ {[%mdl 64] Deflection} Rxd8 47. Qxb6) 42... e5 43. b6 $1 {[%emt 0:00:00] White is more active.} f6 $2 (43... h5 $16 {was called for.}) 44. Kg2 $1 Qc6+ (44... h5 $18 45. h4 Qc6+ 46. Kh2 Qb5) 45. f3 (45. Kg1 $142) 45... Qc2+ ({Better is} 45... g5) 46. Qf2 $16 Qc6 {[%emt 0:03:05][%cal Oe5e4] [#]} 47. Ra8 $1 Rxb7 48. Ra7 Rxa7 49. bxa7 $18 {[%emt 0:00:00] KQ-KQ} Qa6 {[%emt 0:00:31] Inhibits Qa2.} 50. g4 (50. h4 $1 $16) 50... g5 $1 $14 51. Qe3 Qa2+ {[%emt 0:01:03] White stays focused until the end.} 52. Kg3 {[%emt 0:00:22] Qb6 is the strong threat.} Qa1 53. h4 gxh4+ (53... h6 $16 54. Qb6 Qe1+ 55. Kh2 (55. Kg2 Qe2+ 56. Qf2 Qa6 $18) 55... Qe2+ 56. Kg1 Qe1+ 57. Kg2 Qe2+ 58. Kg1 (58. Qf2 Qa6 $18) 58... Qe1+ 59. Kh2 (59. Kg2 Qe2+ 60. Qf2 Qa6 $16) 59... Qe2+ 60. Kg1) 54. Kxh4 $18 h6 55. f4 {[%emt 0:02:45] fxe5 would be deadly.} Qh1+ 56. Kg3 exf4+ 57. Kxf4 Qh2+ 58. Kf3 Qh3+ {[%emt 0:00:29] [#]} 59. Kf2 $1 Qh2+ 60. Ke1 Qh1+ 61. Ke2 Qg2+ 62. Kd3 Qb7 63. Qc5 Qf3+ 64. Kc4 Qb7 65. Qa5 $2 ({White should play} 65. Kd4 $18 {And now Qa3 would win.} h5 66. gxh5 (66. Qxh5 Qxa7+ 67. Kd3 Qd7+ 68. Ke4 Qe7+ 69. Kf4 Qd6+ 70. Ke4 Qe7+ 71. Kf4 Qd6+ 72. Ke4 Qe7+ $11)) 65... Qe4+ $2 (65... Qc6+ $11 66. Kd4 Qd6+ 67. Ke4 Qe6+ 68. Kf3 Qb3+ 69. Kf4 Qc4+ 70. Ke3 Qc1+ 71. Kd4 Qf4+ 72. Kc5 Qg5+ 73. Kb6 Qe3+ 74. Qc5 Qb3+ 75. Kc7 Qf7+ 76. Kc6 Qe6+ 77. Qd6 Qc4+ 78. Kb7 Qb3+ 79. Qb6 Qd5+ 80. Qc6 Qb3+ 81. Kc7 Qg3+ 82. Kd8 Qe5) 66. Kc5 {[%emt 0:00:04] White is clearly winning.} Qe7+ 67. Kc6 Qe6+ 68. Kb7 Qe4+ {[%emt 0:00:24] [#]} 69. Ka6 $1 h5 70. Qb5 ({Worse is} 70. Qxh5 Qc6+ 71. Ka5 Qc7+ 72. Kb4 (72. Ka6 Qc6+ 73. Ka5 Qc7+ 74. Kb4 Qxa7 $11) 72... Qxa7 $11) ({Less strong is} 70. Kb6 Qe6+ 71. Kb7 (71. Kc7 Qe7+ 72. Kc8 Qe6+ 73. Kc7 Qe7+ 74. Kb8 Qe8+ 75. Kb7 Qe4+ 76. Ka6 hxg4 $16) 71... Qe4+ 72. Ka6 hxg4 $14) 70... Qe6+ 71. Ka5 Qa2+ 72. Kb6 Qe6+ 73. Qc6 Qe3+ 74. Kb7 Qb3+ 75. Kc7 Qg3+ 76. Kd8 {[%emt 0:00:39] Weighted Error Value: White=0.55/Black=0.45} 1-0

[Event "ETCC Open 2023"]
[Site "Budva"]
[Date "2023.11.11"]
[Round "1.62"]
[White "Krivokapic, Marko"]
[Black "Can, Emre"]
[Result "0-1"]
[ECO "C55"]
[WhiteElo "2386"]
[BlackElo "2566"]
[Annotator "RC"]
[PlyCount "52"]
[EventDate "2023.11.10"]
[EventType "team-tourn"]
[EventCountry "MNE"]
[SourceTitle "playchess.com"]
[Source "ChessBase"]
[SourceQuality "1"]
[WhiteTeam "Montenegro"]
[BlackTeam "Turkey"]
[WhiteTeamCountry "MNE"]
[BlackTeamCountry "TUR"]
[TimeControl "40/5400+30:1800+30"]

1. e4 e5 2. Nf3 Nc6 3. Bc4 Nf6 4. d3 h6 5. O-O d6 6. c3 g5 7. Nbd2 Bg7 8. Bb3 a5 9. a4 d5 10. exd5 Nxd5 11. Re1 O-O 12. Nc4 Re8 13. h3 Bf5 14. Na3 Qd7 15. Nb5 Re7 16. d4 e4 17. Nh2 Rae8 18. Bd2 Nd8 19. Ng4 c6 20. Na3 Ne6 21. Nc4 Nef4 22. Nce5 Qc7 23. f3 Bxg4 24. Bxf4 Nxf4 25. Nxg4 Nxh3+ 26. gxh3 Qg3+ 0-1

[Event "ETCC Open 2023"]
[Site "Budva"]
[Date "2023.11.11"]
[Round "1.63"]
[White "Ali Marandi, Cemil Can"]
[Black "Draganic, Veljko"]
[Result "1-0"]
[ECO "A11"]
[WhiteElo "2544"]
[BlackElo "2294"]
[Annotator "RC"]
[PlyCount "47"]
[EventDate "2023.11.10"]
[EventType "team-tourn"]
[EventCountry "MNE"]
[SourceTitle "playchess.com"]
[Source "ChessBase"]
[SourceQuality "1"]
[WhiteTeam "Turkey"]
[BlackTeam "Montenegro"]
[WhiteTeamCountry "TUR"]
[BlackTeamCountry "MNE"]
[TimeControl "40/5400+30:1800+30"]

1. Nf3 d5 2. g3 Nf6 3. Bg2 c6 4. O-O Bf5 5. c4 e6 6. d3 Nbd7 7. Nc3 h6 8. cxd5 exd5 9. e4 dxe4 10. dxe4 Be6 11. e5 Nd5 12. Nd4 Nxc3 13. bxc3 Nc5 14. Rb1 Bd5 15. c4 Bxg2 16. Kxg2 Qd7 17. Be3 g6 18. Qf3 Ne6 19. Nxe6 Qxe6 20. Rxb7 Be7 21. Rd1 Rd8 22. Rxd8+ Bxd8 23. Bc5 h5 24. Bd6 1-0

[Event "ETCC Open 2023"]
[Site "Budva"]
[Date "2023.11.11"]
[Round "1.64"]
[White "Miletic, Vuk"]
[Black "Yilmazyerli, Mert"]
[Result "1/2-1/2"]
[ECO "A45"]
[WhiteElo "2190"]
[BlackElo "2533"]
[Annotator "RC"]
[PlyCount "79"]
[EventDate "2023.11.10"]
[EventType "team-tourn"]
[EventCountry "MNE"]
[SourceTitle "playchess.com"]
[Source "ChessBase"]
[SourceQuality "1"]
[WhiteTeam "Montenegro"]
[BlackTeam "Turkey"]
[WhiteTeamCountry "MNE"]
[BlackTeamCountry "TUR"]
[TimeControl "40/5400+30:1800+30"]

1. d4 Nf6 2. Bf4 d6 3. Nc3 Nbd7 4. Nf3 c5 5. d5 Qa5 6. Nd2 b5 7. e4 b4 8. Ncb1 g6 9. Nc4 Qc7 10. Nbd2 Bg7 11. Bd3 O-O 12. O-O Nb6 13. Qe2 Nfd7 14. Rfe1 Nxc4 15. Nxc4 Ba6 16. Rab1 Rab8 17. h4 Bxc4 18. Bxc4 h5 19. Bb5 Ne5 20. Bxe5 Bxe5 21. g3 Qc8 22. Kg2 Kg7 23. Bc4 Qg4 24. f4 Qxe2+ 25. Rxe2 Bd4 26. e5 dxe5 27. fxe5 e6 28. dxe6 fxe6 29. Bxe6 Rbe8 30. Bc4 Rxe5 31. Rbe1 Rxe2+ 32. Rxe2 Bxb2 33. Re7+ Kh6 34. Rxa7 Bd4 35. Rf7 Re8 36. Bd3 Re3 37. Rf3 Re7 38. Rf4 Kg7 39. Re4 Rxe4 40. Bxe4 1/2-1/2